 Dungeon Crawl Stone Soup version 0.31-a0-121-g1e386dd289 (console) character file.

Game seed: 15904918190031173521

33 Ignak the Ogre Mage (level 3, 0/33 HPs)
             Began as an Ogre Hedge Wizard on June 1, 2023.
             Succumbed to an adder's poison
             ... on level 2 of the Dungeon.
             The game lasted 00:01:45 (1028 turns).

Ignak the Ogre Mage (Ogre Hedge Wizard)             Turns: 1028, Time: 00:01:45

Health: 0/33       AC:  3    Str: 14    XL:     3   Next: 29%
Magic:  7/8        EV:  9    Int: 17    God:
Gold:   75         SH:  0    Dex:  8    Spells: 4/9 levels left

rFire   . . .        g - +0 club
rCold   . . .        (no shield)
rNeg    . . .        b - +0 robe
rPois   .            c - +0 hat
rElec   .            (no cloak)
rCorr   .            (gloves unavailable)
SInv    .            (boots unavailable)
Will    .....        (no amulet)
Stlth   +            (no ring)
HPRegen 0.25/turn    (no ring)
MPRegen 0.11/turn

%: no passive effects
@: lethally poisoned (0 -> -11)
A: large, unfitting armour, tough skin 1
a: no special abilities


You were on level 2 of the Dungeon.
You visited 1 branch of the dungeon, and saw 2 of its levels.

You collected 75 gold pieces.

Inventory:

Hand Weapons
 g - a +0 club (weapon)
Armour
 b - a +0 robe (worn)
 c - a +0 hat (worn)
Scrolls
 e - a scroll of identify
Potions
 a - a potion of might {unknown}
 d - a potion of magic
 f - a potion of curing {unknown}
 h - 2 potions of enlightenment {unknown}
 j - a potion of brilliance {unknown}


   Skills:
 + Level 1.4 Fighting
 + Level 2.1 Dodging
 - Level 1.4 Stealth
 + Level 3.9 Spellcasting
 + Level 1.3 Conjurations
 - Level 0.8 Summonings
 + Level 1.4 Translocations


You had 4 spell levels left.
You knew the following spells:

 Your Spells              Type           Power      Damage    Failure   Level
a - Magic Dart            Conj           32%        1d4       9%          1
b - Blink                 Tloc           16%        N/A       13%         2
e - Call Imp              Summ           12%        N/A       17%         2

Your spell library contained the following spells:

 Spells                   Type           Power      Damage    Failure   Level
 Slow                     Hex            12%        N/A       16%         1
 Cigotuvi's Dreadful Rot  Necr/Pois/Air  6%         N/A       24%         2
 Mephitic Cloud           Conj/Pois/Air  4%         N/A       36%         3


Dungeon Overview and Level Annotations

Branches:
Dungeon (2/15)

Altars:
Xom


Innate Abilities, Weirdness & Mutations

You are too large for most types of armour.
You have tough skin. (AC +1)


Message History

The hobgoblin attacks as you move away! The hobgoblin hits you.
You feel sick.
Your cerulean imp barely misses the hobgoblin.
You feel sick. The hobgoblin hits you.
Your cerulean imp hits the hobgoblin but does no damage.
The hobgoblin attacks as you move away!
The hobgoblin hits you but does no damage.
You feel sick.
Your cerulean imp hits the hobgoblin with a -4 spear.
There is a stone staircase leading up here.
You barely miss the adder.
The adder is lightly wounded.
You feel sick. The adder bites you.
You are more poisoned.
The adder poisons you!
The hobgoblin hits your cerulean imp but does no damage.
The adder bites you.
Your cerulean imp barely misses the hobgoblin.
You hit the adder.
The adder is moderately wounded.
You feel very sick. The adder bites you.
You are more poisoned.
The adder poisons you!
The hobgoblin barely misses your cerulean imp.
Your cerulean imp hits the hobgoblin with a -4 spear.
The hobgoblin dies!
The adder bites you.
* * * LOW HITPOINT WARNING * * *
You are more poisoned.
The adder poisons you!
Okay, then.
As you read the scroll of fear, it crumbles to dust.
You assume a fearsome visage.
The adder looks frightened!
* * * LOW HITPOINT WARNING * * *
You feel very sick.
Your cerulean imp closely misses the adder.
* * * LOW HITPOINT WARNING * * *
You feel very sick.
Your cerulean imp misses the adder.
You die...

.. ... ##...
#####.....
##........#
#...$.....#
#.........#
###.[_......#
#@.†S........
###.5.....###
#####...#
...# ...# ..#
..#


You could see an adder (fleeing, ally target) and a friendly cerulean imp
(summoned).

Vanquished Creatures
  2 bats (D:1)
  4 endoplasms (D:1)
  2 giant cockroaches (D:1)
  2 goblins (D:1)
  2 hobgoblins (D:1)
  A ball python (D:1)
  4 frilled lizards (D:1)
  3 kobolds (D:1)
  4 rats (D:1)
24 creatures vanquished.

Vanquished Creatures (collateral kills)
  A ball python (D:1)
  A giant cockroach (D:1)
  3 hobgoblins
  A frilled lizard (D:1)
  A rat (D:1)
7 creatures vanquished.

Grand Total: 31 creatures vanquished

Notes
Turn   | Place    | Note
-------+----------+-------------------------------------------
     0 | D:1      | Ignak the Ogre Hedge Wizard began the quest for the Orb.
     0 | D:1      | Reached XP level 1. HP: 16/16 MP: 5/5
    63 | D:1      | Reached skill level 1 in Conjurations
    63 | D:1      | Reached skill level 1 in Translocations
   113 | D:1      | Reached XP level 2. HP: 15/26 MP: 6/6
   119 | D:1      | Learned a level 2 spell: Blink
   122 | D:1      | Learned a level 2 spell: Call Imp
   222 | D:1      | Reached skill level 1 in Fighting
   548 | D:1      | Reached XP level 3. HP: 26/33 MP: 4/8
  1012 | D:2      | Found a shimmering altar of Xom.
  1028 | D:2      | Succumbed to an adder's poison

Illustrated notes

Levels and vault maps discovered:
D:1:      tekkud_arrival_beachfront_property, layout_basic
D:2:      layout_basic, basic_altar, minmay_cut_off, uniq_sigmund

Skill      XL: |  1  2 |
---------------+-------+-----
Conjurations   | 1 |  1.3
Translocations | 1 |  1.4
Dodging        | 2 |  2.1
Fighting       | 1 |  1.4
Stealth        | |  1.4
Spellcasting   | |  3.9
Summonings     | |  0.8

Action                     || total
---------------------------++-------
  Melee: Club              ||    84
         Dagger            ||     7
   Cast: Call Imp          ||     9
         Blink             ||     1
    Use: Scroll            ||     2
   Stab: Sleeping          ||     2
 Armour: Robe              ||    23
  Dodge: Dodged            ||    50

Table legend: (Time is in decaauts)
 A = Elapsed time spent in this place.
 B = Non-inter-level travel time spent in this place.
 C = Inter-level travel time spent in this place.
 D = Time resting spent in this place.
 E = Time spent auto-exploring this place.
 F = Levels seen in this place.
 G = Mean time per level.
                   A        B        C        D        E       F      G
               +--------+--------+--------+--------+--------+-----+--------+
         Total |   1052 |   1038 |     14 |     40 |    673 |   2 |  526.0 |
       Dungeon |   1052 |   1038 |     14 |     40 |    673 |   2 |  526.0 |
               +--------+--------+--------+--------+--------+-----+--------+

Top non-repeatable levels by time:
     D:1: 1035 daAuts
     D:2: 16 daAuts
